AoeStats
← andre.luizmg

Nomad

508633705Analyzed
4v4 RM · 10d ago on Sep 23, 2026· 47m 27s· 8 players
Game mode
Random Map
Map size
231×231
Population
200
Speed
Normal
Resources
Standard
Victory
Conquest
Starting age
Dark Age
Ending age
Imperial Age
RankedLock teamsTeams togetherTeam positionsShared explorationLock speedFull tech treeHidden civsTurbo modeCheats
Victory
Defeat
1046
+16
🇺🇸 Japanese · United States
1032
+17
🇧🇷 Chinese · Brazil
984
+19
🇩🇪 Malay · Germany
949
+20
🇹🇼 Varangians · Taiwan
1113
-20
🇹🇼 Japanese · Taiwan
1063
-19
🇹🇼 Mongols · Taiwan
1010
-17
🇹🇼 Danes · Taiwan
1004
-16
scott.hurstell
5:19 Loom
16:17 Feudal Age
18:15 Double-Bit Axe
18:29 Gold Mining
21:44 Castle Age
20:16 Horse Collar
23:09 Medium Warships
22:22 Demolition Ship
25:32 Gold Shaft Mining
24:50 Stone Mining
26:18 Forging
26:09 Squires
26:13 Scale Mail Armor
27:50 Wheelbarrow
27:51 Arson
30:08 Bow Saw
29:59 Heavy Plow
35:24 Imperial Age
35:56 Iron Casting
35:36 Chain Mail Armor
35:58 Fishing Lines
38:15 Hand Cart
37:25 Elite Samurai
38:25 Conscription
39:58 Blast Furnace
39:28 Plate Mail Armor
38:51 Fletching
43:20 Kataparuto
QiQiKaKaGuGu
10:50 Loom
13:56 Feudal Age
18:58 Castle Age
17:48 Scale Barding Armor
25:38 Husbandry
37:16 Wheelbarrow
39:50 Double-Bit Axe
39:48 Horse Collar
吃饭睡觉打豆豆
12:40 Feudal Age
13:16 Double-Bit Axe
13:12 Horse Collar
21:39 Castle Age
19:44 Gold Mining
21:15 Stone Mining
22:29 Bow Saw
22:21 Heavy Plow
27:00 Wheelbarrow
26:12 Town Watch
26:12 Pikeman
27:32 Forging
27:22 Scale Mail Armor
27:36 Fletching
34:52 Imperial Age
33:12 Kamandaran
33:39 Ballistics
33:50 Hand Cart
34:31 Gold Shaft Mining
34:11 Squires
34:36 Scale Mail Armor
35:53 Masonry
36:15 Conscription
40:06 Gambesons
41:04 Scale Barding Armor
41:35 Iron Casting
40:56 Bodkin Arrow
41:16 Chain Mail Armor
41:02 Padded Archer Armor
42:53 Chemistry
43:43 Arson
44:43 Stone Shaft Mining
44:28 Town Patrol
44:13 Loom
44:54 Halberdier
46:36 Blast Furnace
45:57 Chain Barding Armor
45:52 Leather Archer Armor
46:08 Plate Mail Armor
46:02 Guilds
46:27 Thumb Ring
45:43 Crossbowman
47:53 Crop Rotation
48:25 Two-Man Saw
andre.luizmg
4:18 Loom
16:03 Feudal Age
20:54 Castle Age
18:57 Fletching
19:24 Double-Bit Axe
20:11 Padded Archer Armor
20:23 Stone Mining
21:26 Pikeman
23:02 Bodkin Arrow
25:10 Bow Saw
25:54 Leather Archer Armor
27:55 Gold Mining
28:10 Horse Collar
31:48 Heavy Plow
36:06 Imperial Age
36:31 Wheelbarrow
37:55 Conscription
38:21 Ballistics
39:41 Bracer
40:12 Ring Archer Armor
41:01 Great Wall
42:18 Capped Ram
43:19 Elite Skirmisher
43:24 Siege Ram
44:56 Light Cavalry
47:20 Hand Cart
kongdu
12:27 Loom
14:45 Feudal Age
18:30 Castle Age
16:32 Fishing Lines
16:41 Double-Bit Axe
18:16 Wheelbarrow
21:11 Scale Mail Armor
21:58 Forging
31:47 Stone Mining
31:49 Gold Mining
34:48 Gillnets
42:44 Imperial Age
GG豪大
13:39 Loom
17:19 Feudal Age
20:25 Scale Mail Armor
23:18 Castle Age
24:29 Wheelbarrow
23:40 Double-Bit Axe
27:27 Bow Saw
27:36 Hand Cart
30:33 Gold Mining
30:34 Stone Mining
31:51 Fervor
34:12 Elite Skirmisher
38:05 Gold Shaft Mining
39:31 Chain Mail Armor
39:30 Thumb Ring
39:28 Padded Archer Armor
39:18 Fletching
世紀垃圾
3:47 Loom
14:18 Feudal Age
21:02 Castle Age
19:02 Double-Bit Axe
19:53 Horse Collar
21:58 Bow Saw
22:28 Heavy Plow
23:59 Fletching
24:59 Scale Barding Armor
29:03 Bodkin Arrow
38:17 Imperial Age
36:37 Gold Mining
36:38 Stone Mining
38:14 Wheelbarrow
38:01 Chain Barding Armor
38:44 Ballistics
39:07 Bracer
40:15 Chemistry
40:11 Hand Cart
40:42 Gold Shaft Mining
40:42 Stone Shaft Mining
41:05 Forging
41:39 Conscription
41:36 Elite Mangudai
42:31 Bloodlines
41:42 Light Cavalry
42:48 Onager
45:46 Hussar
deankuo
5:48 Loom
14:05 Feudal Age
16:49 Double-Bit Axe
21:28 Castle Age
21:04 Fishing Lines
22:31 Fletching
23:34 Gold Mining
23:47 Pikeman
27:41 Horse Collar
31:15 Bodkin Arrow
33:23 Wheelbarrow
41:13 Imperial Age
39:26 Gillnets
40:07 Scale Barding Armor
Connection lost

Rejoining the realm…

Still unreachable

The connection could not be restored.

Session expired

The server has moved on; the page needs a fresh start.